Map: Prion Terraces

Players

Cyclic

  • Race: Terran Terran

LindyHop - Winner!

  • Race: Zerg Zerg
  • League: Silver

VOD

Have the link to the VOD?

Description

Time

  • Played on: Dec. 4, 2015, 12:13 a.m.
  • Length: 1:54
Show
View Real Time Build Order
Export as new Build Order

Cyclic Terran 

Build Orders:  

Get SALT Encoding   

  12  0:01  SCV  
  13  0:13  SCV  
  14  0:18  Supply Depot  
  14  0:25  SCV  
  15  0:34  Refinery  
  15  0:39  SCV  
  16  0:45  Barracks  
  16  0:51  SCV  
  17  1:04  SCV  
  18  1:13  Refinery  
  18  1:17  SCV  
  19  1:37  Factory  
Show
View Real Time Build Order
Export as new Build Order

LindyHop Zerg - Winner!

Build Orders: Hatch First 

Get SALT Encoding   

  12  0:01  Drone  
  13  0:08  Drone  
  14  0:33  Hatchery  
  13  0:42  Overlord  
  13  0:45  Drone  
  14  1:02  Spawning Pool  
  13  1:06  Drone  
  13  1:10  Drone  
  15  1:14  Drone  
  16  1:19  Drone  
  17  1:26  Extractor  
  17  1:28  Drone  
  17  1:38  Drone  
Tags
 
Add a new tag
Caveats
  • Supply blocks, unpowered buildings, or Contaminate may cause inaccurate times.
  • Supply counts are checked every 10 seconds.